 Dungeon Crawl Stone Soup version 0.29.1-14-g9c671dbff4 (webtiles) character file.

Game seed: 2642799450593869240

265038 leafyfresh the Spry (level 20, -2/146 (161) HPs)
             Began as a Djinni Ice Elementalist on Feb 16, 2023.
             Was the Champion of Makhleb.
             Killed from afar by an acid blob (15 damage)
             ... with a splash of acid
             ... created by the Royal Jelly
             ... on level 5 of the Pits of Slime on Feb 17, 2023.
             The game lasted 02:59:23 (39671 turns).

leafyfresh the Spry (Djinni Ice Elementalist)      Turns: 39671, Time: 02:59:24

HP:   -2/146 (161)  AC: 25    Str:  7      XL:     20   Next: 89%
Gold: 2714          EV: 31    Int: 24      God:    Makhleb [******] SH: 16 Dex: 11 (12)

rFire   + + .      SeeInvis .     - Unarmed
rCold   + . .      Faith    .   B - +0 tower shield of the Purple Skies {-Tele +Inv rC++ rCorr}
rNeg    + . .      Spirit   .   (body armour currently unavailable)
rPois   ∞          Reflect  .   U - +2 hat of Inaction {rCorr Str+4}
rElec   +          Harm     .   n - +0 cloak
rCorr   +          Rampage  .   (gloves currently unavailable)
Will    ++...      NoTele   +   (boots unavailable)
Stlth   ++++......              Q - amulet of the acrobat
HPRegen 0.00/turn               y - ring of resist corrosion
MPRegen 0.00/turn               Z - ring of wizardry

@: statue-form, liquefying, corroded, acrobatic, flying, inhibited regen, slowed
movement, drained, unable to read, unable to drink, very slow
A: slow and powerful, torment resistance 1, flying, boosted hp, sickness
immunity, fire resistance 2, cold vulnerability 1, float, innate caster, HP
casting, extra vitality 1, antennae 1, clumsy 2, deformed body, deterioration 2,
frail 1, sense surroundings 1, inhibited regeneration, (teleportitis 1), weak 2,
subdued magic 2, inability to drink after injury 2, inability to read after
injury 1
}: 2/15 runes: decaying, serpentine
a: End Transformation, Renounce Religion, Evoke Invisibility, Minor Destruction,
Lesser Servant of Makhleb, Major Destruction, Greater Servant of Makhleb


You were on level 5 of the Pits of Slime.
You worshipped Makhleb.
Makhleb was exalted by your worship.
You were a living statue of rough stone.
You visited 7 branches of the dungeon, and saw 32 of its levels.
You also visited: Ice Cave and Volcano.

You collected 3194 gold pieces.
You spent 480 gold pieces at shops.

Inventory:

Hand Weapons
 o - the +9 dire flail of the Hierophant {spect, rF++}
   (You found it on level 4 of the Lair of Beasts)

   When its wielder attacks, the weapon's spirit leaps out and strikes again.
   The spirit shares a part of any damage it takes with its wielder.
   rF:        It greatly protects you from fire.
 s - the +9 quarterstaff "Leixty" {protect, rC+ Will+ Str+4 SInv}
   (You found it on level 4 of the Dungeon)

   It grants its wielder temporary protection when it strikes (+7 to AC).
   Str:       It affects your strength (+4).
   rC:        It protects you from cold.
   SInv:      It lets you see invisible.
   Will:      It increases your willpower.
 t - the +6 spear of Extinguishment {freeze, Int+5}
   (You took it off an orc on level 8 of the Dungeon)

   It freezes those it strikes, dealing additional cold damage.
   It can also slow down cold-blooded creatures.
   Int:       It affects your intelligence (+5).
 M - the +6 arbalest "Damnation" {damnation}
   (You found it on level 2 of the Lair of Beasts)

   Any ammunition fired from it explodes in a burst of damnation on striking a
   foe, dealing damage which bypasses armour.
 Y - the +5 long sword "Jaaliuh" {holy, rElec Will+}
   (You found it on level 3 of the Lair of Beasts)

   It has been blessed by the Shining One to cause great damage to the undead
   and demons.
   rElec:     It insulates you from electricity.
   Will:      It increases your willpower.
Armour
 i - the +1 pair of gloves of Omission (melded) {Rampage rPois Dex+3}
   (You found it on level 2 of the Dungeon)

   Dex:       It affects your dexterity (+3).
   rPois:     It protects you from poison.
   Rampage:   It bestows one free step when moving towards enemies.
 j - the +1 scale mail of the Midnight Sun {rCorr Str+4 Dex-4 Slay+5}
   (You found it on level 5 of the Lair of Beasts)

   Str:       It affects your strength (+4).
   Dex:       It affects your dexterity (-4).
   Slay:      It affects your accuracy & damage with ranged weapons and melee
   (+5).
   rCorr:     It protects you from acid and corrosion.
 n - a +0 cloak (worn)
 B - the +0 tower shield of the Purple Skies (worn) {-Tele +Inv rC++ rCorr}
   (You acquired it on level 2 of the Swamp)

   rC:        It greatly protects you from cold.
   +Inv:      It lets you turn invisible.
   -Tele:     It prevents most forms of teleportation.
   rCorr:     It protects you from acid and corrosion.
 K - a +4 troll leather armour (melded)
 S - a +3 kite shield of protection
 U - the +2 hat of Inaction (worn) {rCorr Str+4}
   (You found it on level 4 of the Lair of Beasts)

   Str:       It affects your strength (+4).
   rCorr:     It protects you from acid and corrosion.
Magical Staves
 I - a staff of cold
Jewellery
 m - a +6 ring of intelligence
 y - a ring of resist corrosion (left fist)
 D - an amulet of reflection
 N - a ring of see invisible
 Q - an amulet of the acrobat (around neck)
 T - a ring of wizardry
 Z - a ring of wizardry (right fist)
Wands
 a - a wand of digging (2)
 v - a wand of mindburst (10)
Scrolls
 c - 11 scrolls of teleportation
 d - 4 scrolls of enchant weapon
 g - a scroll of identify
 h - a scroll of silence
 C - 2 scrolls of poison
 E - 2 scrolls of summoning
 H - 3 scrolls of fog
 X - 2 scrolls of blinking
Potions
 b - 8 potions of curing
 e - a potion of cancellation
 f - 4 potions of invisibility
 l - 3 potions of heal wounds
 p - a potion of resistance
 r - 9 potions of brilliance
 u - 2 potions of might
 w - 6 potions of haste
 A - 3 potions of ambrosia
Miscellaneous
 G - a phial of floods (inert)


   Skills:
 + Level 10.8 Fighting
 + Level 4.9 Armour
 + Level 17.9 Dodging
 - Level 8.7 Stealth
 - Level 11.2 Shields
 + Level 12.7 Unarmed Combat
 - Level 15.6 Spellcasting
 - Level 9.7 Invocations
 - Level 9.7 Evocations


You had 2 spell levels left.
You knew the following spells:

 Your Spells              Type           Power      Damage    Failure   Level
a - Freeze                Ice            100%       1d11      0%          1
b - Frozen Ramparts       Ice            100%       1d16      0%          3
c - Ozocubu's Armour      Ice            55%        N/A       0%          3
d - Hailstorm             Conj/Ice       55%        3d12      1%          4
e - Sting                 Tmut/Pois      100%       1d8       0%          1
f - Passwall              Tmut/Erth      45%        N/A       0%          2
g - Poisonous Vapours     Pois/Air       100%       N/A       0%          2
h - Leda's Liquefaction   Hex/Erth       27%        N/A       1%          4
i - Animate Armour        Summ/Erth      100%       N/A       1%          4
j - Irradiate             Conj/Tmut      27%        3d20      1%          5
k - Starburst             Conj/Fire      27%        6d9       1%          6
l - Summon Hydra          Summ           27%        N/A       6%          7
m - Statue Form           Tmut/Erth      36%        N/A       1%          6
Your spell library was empty.

Dungeon Overview and Level Annotations

Branches:
Dungeon (11/15)            Temple (1/1) D:7            Lair (5/5) D:11
  Swamp (4/4) Lair:2        Snake (4/4) Lair:2        Slime (5/5) Lair:5
    Orc (2/2) D:10            Elf (0/3) Orc:2         IceCv (visited)
Volcano (visited)

Altars:
Ashenzari
Cheibriados
Dithmenos
Elyvilon
Gozag
Hepliaklqana
Makhleb
Nemelex Xobeh
Okawaru
Qazlal
Ru
Uskayaw
Wu Jian
Xom
Zin
The Shining One
Jiyva

Shops:
Orc:2 (**[   Snake:1 !::=

Annotations:
D:5 2 runed translucent doors, ConCookie's ghost, novice HuBe
D:9 1 runed translucent door, promet's ghost, novice OpHW
Lair:5 exclusion: oklob plant
Snake:3 Mara
Snake:4 Bai Suzhen; Roxanne
Slime:5 Royal Jelly


Innate Abilities, Weirdness & Mutations

You are a living statue of rough stone.
Your actions are slow, but your melee attacks are powerful.
You are resistant to unholy torment.
You are flying.
Your maximum health is greatly increased.
Your equipment is partially melded.
You are immune to sickness and miasma.
You are immune to poison.
Your flesh is very heat resistant. (rF++)
You are vulnerable to cold. (rC-)
You float through the air rather than walking.
You learn spells naturally, not from books.
Your magical power is your life essence.
You have superior vitality. (+4 MHP)
You have a pair of small antennae on your head.
You are very clumsy. (Dex -4)
Armour fits poorly on your strangely shaped body.
Your body often deteriorates upon taking damage.
You are frail. (-10% HP)
You passively map a small area around you.
You do not regenerate when monsters are visible.
((You are occasionally teleported next to monsters.))
You are very weak. (Str -4)
Your spells are easier to cast, but less powerful.
You sometimes lose the ability to drink potions when taking damage.
You occasionally lose the ability to read scrolls when taking damage.


Message History

The slime creature closely misses your blizzard demon.
Your blizzard demon barely misses the azure jelly.
Your blizzard demon hits the azure jelly!
You block the rockslime's attack. The rockslime hits you!!
* * * LOW HITPOINT WARNING * * *
You hold your ground!
The acid blob completely misses you.
The azure jelly becomes momentarily stuck in the liquid earth.
The azure jelly hits your blizzard demon but does no damage.
The azure jelly hits your blizzard demon.
The azure jelly closely misses your blizzard demon.
Okay, then.
Okay, then.
Unknown command.
Unknown command.
Unknown command.
The rockslime attacks as you move away! The rockslime closely misses you.
The acid blob spits acid at you. You block the splash of acid.
Your cacodemon hits the acid blob.
Your cacodemon is burned by acid!
Your cacodemon hits the acid blob!!
Your cacodemon seems to be corroded for longer.
Your cacodemon is burned by acid!
The rockslime closely misses your cacodemon.
The acid blob splashes around in the water.
Your blizzard demon gestures at the azure jelly.
The bolt of cold hits the azure jelly!
The azure jelly resists.
The acid blob hits you but does no damage.
Your cacodemon hits the acid blob!
Your cacodemon seems to be corroded for longer.
Your cacodemon is burned by acid!
Your cacodemon hits the acid blob but does no damage.
Your cacodemon is burned by acid!
You block the rockslime's attack. The rockslime hits your cacodemon!!
Your cacodemon holds its ground!
Your cacodemon dies!
Your cacodemon disappears in a puff of smoke!
You block the acid blob's attack. The acid blob spits acid at you.
The splash of acid hits you! You resist.
You die...

#..................#. #
*##..................#* #####
#..................#*
...##...................
...................... * * ,
#.................... * G#) *
#....J............... *,.#
*##.JJJ..............# *,##
,###~~JJ8.............# * .# ,,
#...~~JJ.............# ##.#
###.....2J............## #..
##......................# #.#
###.....................###
#.###.#......................#
....................<.........#
.........................#.....
.....................#####...##


You could see the Royal Jelly (waterlogged), 3 acid blobs, an azure jelly
(waterlogged, struggling, ally target), a slime creature, 3 rockslimes and a
friendly blizzard demon (summoned, unsilenced, waterlogged, magic disrupted).

Vanquished Creatures
  A shard shrike (IceCv)
  Vashnia (Snake:3)
  Saint Roka (Snake:4)
  Jorgrun (Swamp:3)
  7 acid blobs
  3 nagarajas (Snake:4)
  Donald (Swamp:1)
  A thorn hunter (Swamp:2)
  5 azure jellies
  4 rockslimes
  Aizul (Snake:4)
  2 orc warlords
  The ghost of Foabaekk the Unseen, a journeyman GrMo of Gozag (Lair:3)
  4 quicksilver oozes
  The ghost of Loveship the Warrior, a journeyman DjFE of Makhleb (Lair:5)
  The ghost of boopmooplesden the Fencer, a journeyman MiFi of Okawaru (Lair:4)
  3 eleionomae
  6 bunyips
  A white draconian (IceCv)
  The ghost of Wufiun the Covert, a journeyman GnDe of Gozag (Lair:3)
  The ghost of Riqior the Frost Mage, a journeyman GnIE of Vehumet (Lair:3)
  3 fire dragons
  5 great orbs of eyes
  2 boulder beetles (Lair:3)
  A shambling mangrove (Swamp:4)
  2 catoblepae
  2 ironbound frosthearts (IceCv)
  A ghost crab (Swamp:1)
  An ice dragon (IceCv)
  3 two-headed ogres
  13 hydras
  22 naga warriors
  10 anacondas
  10 alligators
  14 death yaks
  An orc high priest (Orc:2)
  17 naga sharpshooters
  3 shock serpents (Snake:2)
  Sonja (Orc:1)
  8 spriggans
  Nergalle (Lair:1)
  4 salamander mystics
  A death drake (Swamp:4)
  2 spriggan druids (Swamp:1)
  5 goliath frogs
  13 swamp dragons
  5 naga ritualists
  4 bog bodies
  A wizard (Volcano)
  3 lindwurms (Swamp:4)
  8 orc knights
  A necromancer (Swamp:3)
  A deep elf pyromancer (Volcano)
  6 mana vipers
  10 ugly things
  4 orc sorcerers
  A wolf spider (Lair:5)
  24 salamanders
  3 oklob plants (Lair:4)
  A moth of wrath (Lair:4)
  7 shining eyes
  3 will-o-the-wisps
  2 cyclopes
  3 nameless horrors
  8 guardian serpents
  38 black mambas
  29 naga magi
  14 elephants
  4 eyes of devastation
  3 gargoyles (Volcano)
  14 cane toads
  3 molten gargoyles (Volcano)
  2 kobold demonologists (D:10)
  An efreet (Volcano)
  17 rime drakes
  14 komodo dragons
  2 freezing wraiths (Swamp:1)
  A queen bee (Lair:5)
  A burning bush (Lair:5)
  2 tyrant leeches
  2 meliai (Lair:5)
  15 hornets
  18 polar bears
  8 trolls
  14 blink frogs (Lair:5)
  7 saltlings (Orc:2)
  A death drake skeleton (Swamp:3)
  63 slime creatures
  12 dream sheep
  2 spriggan skeletons (Swamp:3)
  A wraith (D:10)
  30 yaks
  18 wyverns
  3 fire bats (Orc:2)
  A basilisk (Lair:3)
  A redback (Lair:5)
  5 steam dragons
  Grum (D:11)
  9 vampire mosquitoes
  54 nagas
  7 wargs
  14 swamp worms
  24 water moccasins
  14 swamp drakes
  26 orc warriors
  2 ice beasts (D:6)
  2 sky beasts
  A black bear (D:6)
  38 wolves
  5 ogres
  6 centaurs
  7 kobold brigands
  10 bullfrogs
  3 scorpions
  3 gnoll sergeants
  5 wights
  17 killer bees
  A howler monkey (D:6)
  An electric eel (Lair:2)
  2 lava snakes (Swamp:4)
  3 hounds
  10 orc priests
  A gnoll bouda (D:9)
  9 jellies
  2 iguanas (D:5)
  Ijyb (D:3)
  12 orc wizards
  12 gnolls
  11 adders
  2 white imps
  2 ufetubi
  2 worms (D:2)
  A dart slug (D:1)
  78 orcs
  9 ball pythons
  6 bats
  4 endoplasms
  2 giant cockroaches
  5 goblins
  8 hobgoblins
  2 jackals (D:4)
  24 kobolds
  3 quokkas
  3 frilled lizards
  2 rats
  A bush (Lair:5)
  A butterfly (Lair:3)
  A fire vortex (Swamp:4)
  3 pillars of salt (Orc:2)
1105 creatures vanquished.

Vanquished Creatures (collateral kills)
  6 acid blobs
  A rockslime (Slime:3)
  A quicksilver ooze (Slime:5)
  A great orb of eyes (Slime:5)
  4 naga sharpshooters
  A goliath frog (Swamp:2)
  A naga ritualist (Snake:4)
  A mana viper (Snake:4)
  2 ugly things (IceCv)
  3 shining eyes (Slime:5)
  A black mamba (Snake:3)
  3 naga magi (Snake:4)
  9 slime creatures
  A water moccasin (Lair:5)
35 creatures vanquished.

Vanquished Creatures (others)
  A salamander tyrant (Snake:4)
  A swamp dragon (Swamp:4)
  3 bloated husks
  2 spriggans (Swamp:1)
  2 swamp drakes (Swamp:4)
  An iguana (D:6)
  3 orcs
  4 foxfires (Swamp:3)
  45 fungi
  109 plants
  6 withered plants
177 creatures vanquished.

Grand Total: 1317 creatures vanquished

Notes
Turn   | Place    | Note
-------+----------+-------------------------------------------
     0 | D:1      | leafyfresh the Djinni Ice Elementalist began the quest for
                  | the Orb.
     0 | D:1      | leafyfresh set off with the following spells memorised:
                  | Freeze, Frozen Ramparts, Ozocubu's Armour, Hailstorm.
     0 | D:1      | Reached XP level 1. HP: 15/15 MP: 0/0
    58 | D:1      | Reached XP level 2. HP: 8/21 MP: 0/0
   410 | D:1      | HP: 1/21 [giant cockroach (2)]
   875 | D:1      | Reached XP level 3. HP: 13/25 MP: 0/0
   875 | D:1      | Learned a level 1 spell: Sting
  1056 | D:1      | Found a faded altar of an unknown god.
  1342 | D:2      | Reached skill level 3 in Dodging
  1452 | D:2      | Reached XP level 4. HP: 25/31 MP: 0/0
  2306 | D:2      | Reached XP level 5. HP: 27/35 MP: 0/0
  2306 | D:2      | Learned a level 2 spell: Passwall
  2535 | D:2      | Identified the +1 pair of gloves of Omission {Rampage rPois
                  | Dex+3}
  2591 | D:3      | Noticed Ijyb
  2601 | D:3      | Killed Ijyb
  3446 | D:4      | Reached skill level 4 in Dodging
  3446 | D:4      | Reached XP level 6. HP: 34/40 MP: 0/0
  3626 | D:4      | Identified the +9 quarterstaff "Leixty" {protect, rC+ Will+
                  | Str+4 SInv}
  4122 | D:5      | Entered Level 5 of the Dungeon
  4808 | D:5      | Found a sparkling altar of Nemelex Xobeh.
  4829 | D:5      | Found a large runed translucent door.
  4829 | D:5      | Found a large runed translucent door.
  4836 | D:5      | Noticed ConCookie's ghost (novice HuBe)
  4879 | D:5      | Reached XP level 7. HP: 16/45 MP: 0/0
  4879 | D:5      | Learned a level 2 spell: Poisonous Vapours
  5362 | D:6      | Noticed a steam dragon
  5369 | D:6      | Killed a steam dragon
  5370 | D:6      | Reached skill level 5 in Dodging
  5457 | D:6      | Found a shimmering altar of Xom.
  5468 | D:6      | Reached skill level 5 in Spellcasting
  5700 | D:6      | Reached skill level 6 in Dodging
  5700 | D:6      | Reached XP level 8. HP: 14/50 MP: 0/0
  6135 | D:6      | Reached skill level 7 in Dodging
  6543 | D:6      | Found an iron altar of Okawaru.
  6650 | D:6      | Reached XP level 9. HP: 55/55 MP: 0/0
  6650 | D:6      | Learned a level 4 spell: Leda's Liquefaction
  6658 | D:6      | Reached skill level 8 in Dodging
  6905 | D:7      | Found a staircase to the Ecumenical Temple.
  7260 | Temple   | Entered the Ecumenical Temple
  7308 | Temple   | Became a worshipper of Makhleb the Destroyer
  7617 | D:7      | Reached skill level 9 in Dodging
  7921 | D:8      | Reached skill level 1 in Fighting
  8327 | D:8      | Reached XP level 10. HP: 27/65 MP: 0/0
  8341 | D:8      | Identified the +6 spear of Extinguishment {freeze, Int+5}
  9335 | D:9      | Reached skill level 10 in Dodging
  9423 | D:9      | Reached * piety under Makhleb
 10085 | D:9      | Found a runed translucent door.
 10086 | D:9      | Noticed promet's ghost (novice OpHW)
 10658 | D:10     | Entered Level 10 of the Dungeon
 10728 | D:10     | Found a staircase to the Orcish Mines.
 10912 | D:10     | Noticed a two-headed ogre
 10923 | D:10     | Killed a two-headed ogre
 10924 | D:10     | Reached skill level 5 in Fighting
 11068 | D:10     | Noticed a kobold demonologist
 11076 | D:10     | Killed a kobold demonologist
 11076 | D:10     | Noticed a kobold demonologist
 11078 | D:10     | Reached skill level 11 in Dodging
 11085 | D:10     | Noticed an ice devil
 11085 | D:10     | Reached ** piety under Makhleb
 11086 | D:10     | Killed a kobold demonologist
 11087 | D:10     | Reached XP level 11. HP: 56/76 MP: 0/0
 11087 | D:10     | Learned a level 4 spell: Animate Armour
 11690 | D:11     | Noticed Grum
 11704 | D:11     | Killed Grum
 12189 | D:11     | Found a staircase to the Lair.
 12239 | D:11     | Noticed a brown ugly thing
 12260 | D:11     | Killed a brown ugly thing
 12584 | Orc:1    | Entered Level 1 of the Orcish Mines
 12584 | Orc:1    | Noticed an orc warlord
 12634 | Orc:1    | Reached *** piety under Makhleb
 12916 | Lair:1   | Entered Level 1 of the Lair of Beasts
 13033 | Lair:1   | Reached skill level 10 in Spellcasting
 13205 | Lair:1   | Reached XP level 12. HP: 65/85 MP: 0/0
 13486 | Lair:1   | Noticed Nergalle
 13918 | Lair:1   | Killed Nergalle
 14454 | Lair:2   | Reached **** piety under Makhleb
 14471 | Lair:2   | Found the +6 arbalest "Damnation" {damnation}
 14501 | Lair:2   | Found a staircase to the Snake Pit.
 14502 | Lair:2   | Noticed a death yak
 14502 | Lair:2   | Noticed a death yak
 14502 | Lair:2   | Noticed a death yak
 14502 | Lair:2   | Noticed a death yak
 14503 | Lair:2   | Noticed a death yak
 14503 | Lair:2   | Noticed a death yak
 14514 | Lair:2   | Killed a death yak
 14515 | Lair:2   | Killed a death yak
 14516 | Lair:2   | Killed a death yak
 14517 | Lair:2   | Reached XP level 13. HP: 63/90 MP: 0/0
 14517 | Lair:2   | Learned a level 5 spell: Irradiate
 14928 | Lair:2   | Found a staircase to the Swamp.
 14928 | Lair:2   | Noticed a four-headed hydra
 14933 | Lair:2   | Noticed an eight-headed hydra
 14938 | Lair:2   | HP: 2/90 [swamp worm (14)]
 15361 | Lair:2   | Found a hazy altar of Hepliaklqana.
 16094 | Lair:2   | Killed an eight-headed hydra
 16095 | Lair:2   | Reached skill level 1 in Invocations
 16095 | Lair:2   | Reached skill level 1 in Evocations
 16172 | Lair:2   | Killed a four-headed hydra
 16482 | Lair:3   | Found a runed translucent gate.
 16482 | Lair:3   | Found a runed translucent gate.
 16482 | Lair:3   | Found a runed translucent gate.
 16487 | Lair:3   | Noticed Foabaekk's ghost (journeyman GrMo)
 16723 | Lair:3   | Gained mutation: You occasionally shout uncontrollably at
                  | your foes. [mutagenic glow]
 16746 | Lair:3   | Noticed a boulder beetle
 16755 | Lair:3   | Killed a boulder beetle
 16808 | Lair:3   | Noticed a boulder beetle
 16814 | Lair:3   | Killed a boulder beetle
 16860 | Lair:3   | Noticed Wufiun's ghost (journeyman GnDe)
 16860 | Lair:3   | Noticed Riqior's ghost (journeyman GnIE)
 17148 | Lair:4   | Reached XP level 14. HP: 96/96 MP: 0/0
 17496 | Lair:4   | Found a transporter.
 17522 | Lair:4   | Identified the +3 short sword of Orinariq Zul {pain,
                  | Stlth+}
 17539 | Lair:4   | Found a transporter.
 17801 | Lair:4   | Noticed boopmooplesden's ghost (journeyman MiFi)
 17858 | Lair:4   | Reached ***** piety under Makhleb
 17974 | Lair:4   | Identified the +9 dire flail of the Hierophant {spect,
                  | rF++}
 18266 | Lair:5   | Entered Level 5 of the Lair of Beasts
 18287 | Lair:5   | Reached skill level 12 in Dodging
 18287 | Lair:5   | Reached skill level 5 in Evocations
 18288 | Lair:5   | Reached skill level 5 in Invocations
 18388 | Lair:5   | Reached skill level 5 in Stealth
 18443 | Lair:5   | Found a staircase to the Slime Pits.
 18443 | Lair:5   | Found a viscous altar of Jiyva.
 18622 | Lair:5   | Reached XP level 15. HP: 97/101 MP: 0/0
 18622 | Lair:5   | Learned a level 6 spell: Starburst
 18652 | Lair:5   | Reached skill level 13 in Dodging
 18910 | Lair:5   | Reached ****** piety under Makhleb
 19022 | Lair:5   | Noticed Loveship's ghost (journeyman DjFE)
 19071 | Lair:5   | Found a transporter.
 19075 | Lair:5   | Found a transporter.
 19290 | Lair:5   | Identified the +1 scale mail of the Midnight Sun {rCorr
                  | Str+4 Dex-4 Slay+5}
 20159 | Snake:1  | Entered Level 1 of the Snake Pit
 21106 | Orc:1    | Killed an orc warlord
 21193 | Orc:2    | Entered Level 2 of the Orcish Mines
 21314 | Orc:2    | Found a dark tunnel.
 21324 | Volcano  | Entered a volcano
 21466 | Volcano  | Noticed an orb of fire
 21498 | Volcano  | Noticed an orb of fire
 21797 | Orc:2    | Reached skill level 14 in Dodging
 21869 | Orc:2    | Noticed an orc warlord
 21879 | Orc:2    | Killed an orc warlord
 21923 | Orc:2    | Found Imoutwy's Armour Shop.
 21926 | Orc:2    | Found Mymid's General Store.
 21961 | Orc:2    | Reached XP level 16. HP: 44/107 MP: 0/0
 22021 | Orc:2    | Found Cauvvint's Antique Weapon Shoppe.
 22137 | Orc:2    | Found Nouveupp's Assorted Antiques.
 22137 | Orc:2    | Paralysed by an orc sorcerer for 2 turns
 22260 | Orc:2    | Found a staircase to the Elven Halls.
 22598 | Orc:1    | Noticed Sonja
 22599 | Orc:1    | Killed Sonja
 23271 | Snake:1  | Found Kymog's Jewellery Boutique.
 23271 | Snake:1  | Found Noguor's Book Emporium.
 23272 | Snake:1  | Found Juerikeo's Book Emporium.
 23280 | Snake:1  | Bought an amulet of the acrobat for 480 gold pieces
 23329 | Snake:1  | Found Omatij's Distillery.
 23567 | Snake:1  | Reached skill level 1 in Shields
 24137 | Snake:1  | Lost mutation: You occasionally shout uncontrollably at
                  | your foes. [potion of mutation]
 24137 | Snake:1  | Gained mutation: Your mind is acute. (Int +4, Str/Dex -1)
                  | [potion of mutation]
 24532 | Snake:2  | Reached skill level 5 in Shields
 25155 | Snake:2  | Reached XP level 17. HP: 68/112 MP: 0/0
 25155 | Snake:2  | Learned a level 7 spell: Summon Hydra
 25351 | Snake:3  | Reached skill level 10 in Shields
 25514 | Snake:3  | Reached skill level 15 in Dodging
 25533 | Snake:3  | Noticed Vashnia
 25547 | Snake:3  | Killed Vashnia
 26023 | Snake:3  | Noticed Mara
 26028 | Snake:3  | Noticed leafyfresh's illusion
 26038 | Snake:3  | Gained mutation: Your spells are a little easier to cast,
                  | but a little less powerful. [mutagenic glow]
 26050 | Snake:3  | Gained mutation: You expend health (3 HP) to strengthen
                  | your wands. [mutagenic glow]
 26417 | Snake:4  | Entered Level 4 of the Snake Pit
 26768 | Snake:4  | Gained mutation: Your body sometimes deteriorates upon
                  | taking damage. [mutagenic glow]
 26883 | Snake:4  | Identified Roxanne's Opusculum on Stones
 26883 | Snake:4  | Noticed Roxanne
 27124 | Snake:4  | Noticed Saint Roka
 27141 | Snake:4  | Killed Saint Roka
 27240 | Snake:4  | Identified the +6 arbalest of the Four Xeniums {flame,
                  | Dex+2}
 27390 | Snake:4  | Identified the +0 pair of boots of Eternity {rElec Str+5}
 27420 | Snake:4  | Noticed Aizul
 27431 | Snake:4  | Killed Aizul
 27431 | Snake:4  | Gained mutation: Armour fits poorly on your strangely
                  | shaped body. [mutagenic glow]
 27450 | Snake:4  | Reached XP level 18. HP: 62/121 MP: 0/0
 27453 | Snake:4  | Gained mutation: You occasionally lose the ability to drink
                  | potions when taking damage. [mutagenic glow]
 27907 | Snake:4  | Noticed Bai Suzhen
 27917 | Snake:4  | Reached skill level 15 in Spellcasting
 27934 | Snake:4  | Reached skill level 16 in Dodging
 28002 | Snake:4  | Got a serpentine rune of Zot
 28470 | Swamp:1  | Entered Level 1 of the Swamp
 28569 | Swamp:1  | Found a frozen archway.
 28580 | IceCv    | Entered an ice cave
 28733 | IceCv    | Identified the +1 pair of boots of Exclusion {Harm Will+++
                  | rCorr Int-2}
 28761 | IceCv    | Gained mutation: Your body often deteriorates upon taking
                  | damage. [mutagenic glow]
 28773 | IceCv    | Lost mutation: You expend health (3 HP) to strengthen your
                  | wands. [mutagenic glow]
 28788 | IceCv    | Gained mutation: You are weak. (Str -2) [mutagenic glow]
 28805 | IceCv    | Gained mutation: You are frail. (-10% HP) [mutagenic glow]
 28962 | IceCv    | Gained mutation: You are very weak. (Str -4) [mutagenic
                  | glow]
 29165 | IceCv    | Noticed a shard shrike
 29171 | IceCv    | Killed a shard shrike
 29289 | Swamp:1  | Lost strength.
 29299 | Swamp:1  | Gained mutation: You occasionally lose the ability to read
                  | scrolls when taking damage. [mutagenic glow]
 29305 | Swamp:1  | Gained mutation: You sometimes lose the ability to read
                  | scrolls when taking damage. [mutagenic glow]
 29388 | Swamp:1  | Lost mutation: You are frail. (-10% HP) [potion of
                  | mutation]
 29388 | Swamp:1  | Lost mutation: Armour fits poorly on your strangely shaped
                  | body. [potion of mutation]
 29388 | Swamp:1  | Gained mutation: You are frail. (-10% HP) [potion of
                  | mutation]
 29389 | Swamp:1  | Lost mutation: You are very weak. (Str -4) [potion of
                  | mutation]
 29389 | Swamp:1  | Lost mutation: Your body often deteriorates upon taking
                  | damage. [potion of mutation]
 29390 | Swamp:1  | Lost mutation: Your mind is acute. (Int +4, Str/Dex -1)
                  | [potion of mutation]
 29390 | Swamp:1  | Lost mutation: Your spells are a little easier to cast, but
                  | a little less powerful. [potion of mutation]
 29390 | Swamp:1  | Lost mutation: You are frail. (-10% HP) [potion of
                  | mutation]
 29390 | Swamp:1  | Gained mutation: Your spells are a little harder to cast,
                  | but a little more powerful. [potion of mutation]
 29419 | Swamp:1  | Noticed Donald
 29428 | Swamp:1  | Killed Donald
 29475 | Swamp:1  | Reached skill level 17 in Dodging
 29495 | Swamp:1  | Lost mutation: You occasionally lose the ability to drink
                  | potions when taking damage. [mutagenic glow]
 29501 | Swamp:1  | Reached XP level 19. HP: 123/128 MP: 0/0
 29501 | Swamp:1  | Learned a level 6 spell: Statue Form
 29531 | Swamp:1  | Lost mutation: You sometimes lose the ability to read
                  | scrolls when taking damage. [mutagenic glow]
 29598 | Swamp:1  | Reached skill level 1 in Unarmed Combat
 29616 | Swamp:1  | Gained mutation: You do not regenerate when monsters are
                  | visible. [mutagenic glow]
 30019 | Swamp:2  | Identified a scroll of acquirement
 30020 | Swamp:2  | Acquired the +0 tower shield of the Purple Skies {-Tele
                  | +Inv rC++ rCorr}
 30187 | Swamp:2  | Reached skill level 5 in Unarmed Combat
 30196 | Swamp:2  | Gained mutation: You are clumsy. (Dex -2) [mutagenic glow]
 30728 | Swamp:3  | Noticed Jorgrun
 30877 | Swamp:3  | Killed Jorgrun
 31001 | Swamp:3  | Identified the +3 great sword of the Wary Ultimatums {pain,
                  | MP+9 Str+9}
 31416 | Swamp:4  | Entered Level 4 of the Swamp
 32279 | Swamp:3  | Gained mutation: You are resistant to electric shocks.
                  | (rElec) [mutagenic glow]
 32859 | Swamp:4  | Got a decaying rune of Zot
 32996 | Swamp:4  | Reached skill level 10 in Unarmed Combat
 33572 | Lair:3   | Killed Riqior's ghost
 33577 | Lair:3   | Killed Foabaekk's ghost
 33577 | Lair:3   | Killed Wufiun's ghost
 33587 | Lair:3   | Identified the +5 long sword "Jaaliuh" {holy, rElec Will+}
 33771 | Lair:4   | Killed boopmooplesden's ghost
 33774 | Lair:4   | Identified the +2 hat of Inaction {rCorr Str+4}
 33798 | Lair:4   | Lost mutation: You are resistant to electric shocks.
                  | (rElec) [potion of mutation]
 33798 | Lair:4   | Lost mutation: Your spells are a little harder to cast, but
                  | a little more powerful. [potion of mutation]
 33798 | Lair:4   | Gained mutation: Your spells are a little harder to cast,
                  | but a little more powerful. [potion of mutation]
 33798 | Lair:4   | Gained mutation: You have a pair of small antennae on your
                  | head. [potion of mutation]
 34208 | Lair:5   | Killed Loveship's ghost
 34228 | Lair:5   | HP: 2/166 [meliai/divine providence (9)]
 34658 | Slime:1  | Entered Level 1 of the Pits of Slime
 35214 | Slime:1  | Gained mutation: You occasionally lose the ability to drink
                  | potions when taking damage. [a shining eye]
 35218 | Slime:1  | Reached XP level 20. HP: 131/134 MP: 0/0
 35266 | Slime:1  | Gained mutation: You are very weak. (Str -4) [mutagenic
                  | glow]
 35830 | Slime:2  | Gained mutation: You are very clumsy. (Dex -4) [a shining
                  | eye]
 35831 | Slime:2  | Gained mutation: Your body often deteriorates upon taking
                  | damage. [a shining eye]
 35834 | Slime:2  | Lost mutation: You have a pair of small antennae on your
                  | head. [a shining eye]
 35837 | Slime:2  | Gained mutation: You sometimes lose the ability to drink
                  | potions when taking damage. [a shining eye]
 35838 | Slime:2  | Gained mutation: You have a pair of small antennae on your
                  | head. [a shining eye]
 35839 | Slime:2  | Reached skill level 1 in Armour
 35872 | Slime:2  | Gained mutation: You are occasionally teleported next to
                  | monsters. [a shining eye]
 35898 | Slime:2  | Gained mutation: You passively map a small area around you.
                  | [a shining eye]
 35905 | Slime:2  | Lost mutation: Your spells are a little harder to cast, but
                  | a little more powerful. [a shining eye]
 35906 | Slime:2  | Gained mutation: Your spells are a little easier to cast,
                  | but a little less powerful. [a shining eye]
 36185 | Slime:3  | Gained mutation: Your spells are easier to cast, but less
                  | powerful. [a shining eye]
 36432 | Slime:2  | Reached skill level 10 in Fighting
 38043 | Slime:5  | Entered Level 5 of the Pits of Slime
 39047 | Slime:5  | Gained mutation: You are frail. (-10% HP) [a shining eye]
 39517 | Slime:5  | Gained mutation: Armour fits poorly on your strangely
                  | shaped body. [a shining eye]
 39616 | Slime:5  | Paralysed by a great orb of eyes for 3 turns
 39660 | Slime:5  | Noticed the Royal Jelly
 39671 | Slime:5  | Killed from afar by an acid blob

Illustrated notes

Levels and vault maps discovered:
D:1:      eino_arrival_water_cross, layout_rooms,
          shapermc_ecumenical_altar_totnotflames
D:2:      layout_basic
D:3:      layout_loops_cross, grunt_ministairs_8, mrwooster_statue_mirror,
          uniq_ijyb
D:4:      layout_loops_ring, ebering_dispersal_statue_hall
D:5:      layout_loops_corners, nemelex_spade_bored_becter,
          ebering_ghost_disaster_area
D:6:      layout_rooms, xom_confusion_cloud, mainiacjoe_overflow_large_starburst
D:7:      layout_cave_pools, minmay_temple_entry_proselytizer,
          corexii_item_surrounded_by_moat, nicolae_figureground_pulse
D:8:      layout_loops_ring, nrook_uturn
D:9:      layout_long_grid, gammafunk_ghost_grave
D:10:     layout_roguey, david_orc_2, serial_corexii_hall,
          chequers_hall_statues_y, chequers_hall_statues_corner_a,
          corexii_hall_statues_x, chequers_hall_statues_corner_a,
          minmay_misc_feat_more_columns
D:11:     layout_cave_pools, david_lair_shrubbed, uniq_grum
Temple:   mainiacjoe_temple_coin_purse
Lair:1:   layout_cave_pods, uniq_nergalle
Lair:2:   layout_roguey, palyth_hydra_swamp_entry,
          minmay_snake_entry_six_corridors, lemuel_centaur_altar,
          serial_bayou_shore_b, serial_bayou_shore_b
Lair:3:   layout_long_grid, gammafunk_ghost_cemetery, serial_bayou_shore_a,
          lemuel_fruit_fields, grunt_megastairs_2
Lair:4:   dpeg_oklob_gauntlet, layout_cellular_growth,
          gammafunk_ghost_berserking_beasts, grunt_megastairs_4
Lair:5:   hangedman_lair_tendril_chambers, layout_regular_city, slime_entry_1,
          gammafunk_ghost_hive, minivault_11, evilmike_ambush
          [evilmike_ambush_outer_basic, evilmike_ambush_inner_basic]
Swamp:1:  layout_basic_swamp, portal_ice_cave_entry_frozen_things,
          infiniplex_staircase_pool, uniq_donald
Swamp:2:  layout_basic_swamp, evilmike_swamp_ruin_house_6
Swamp:3:  layout_basic_swamp, evilmike_swamp_ruin_house_4, grunt_hermit_hut,
          uniq_jorgrun
Swamp:4:  swamp_fiery, layout_basic_swamp, swamp_pool3
Snake:1:  layout_misc_corridors, serial_shops, shop, nicolae_snake_biting_tails,
          minmay_shop_grove, lemuel_fruit_tree, grunt_megastairs_5
Snake:2:  layout_concentric_octagons
Snake:3:  layout_rooms, uniq_mara, uniq_vashnia
Snake:4:  snake_pit, layout_cave_town, drop_trap, uniq_aizul, uniq_saint_roka,
          uniq_roxanne, uniq_bai_suzhen
Slime:1:  layout_caves
Slime:2:  layout_caves, nicolae_slime_welcoming_committee
Slime:3:  layout_caves
Slime:4:  layout_caves
Slime:5
Orc:1:    layout_diamond_mine, uniq_sonja
Orc:2:    hellmonk_orc_salted, layout_diamond_mine,
          nicolae_volcano_entry_batcave

Skill      XL: |  1  2  3  4  5  6  7  8  9 10 11 12 13 14 15 16 17 18 19 20 |
---------------+-------------------------------------------------------------+-----
Stealth        | 2 3 5 6 7 8 |  8.7
Dodging        | 3 4 6 7 9 11 12 14 15 17 | 17.9
Spellcasting   | 4 5 6 7 8 10 12 14 15 | 15.6
Fighting       | 2 5 7 8 9 10 | 10.8
Invocations    | 4 6 9 |  9.7
Evocations     | 4 6 9 |  9.7
Shields        | 8 11 | 11.2
Unarmed Combat | 11 12 | 12.7
Armour         | 4 |  4.9

Action                   |  1- 3 |  4- 6 |  7- 9 | 10-12 | 13-15 | 16-18 | 19-21 || total
-------------------------+-------+-------+-------+-------+-------+-------+-------++-------
Melee: Unarmed           |    12 |       |       |       |       |       |    83 ||    95
       Dagger            |       |    77 |       |       |       |       |       ||    77
       Quarterstaff      |       |    23 |   127 |    21 |       |       |       ||   171
       Spear             |       |       |       |     5 |       |       |       ||     5
       Staff             |       |       |       |    31 |    16 |    11 |     1 ||    59
       Punch             |       |       |       |     1 |       |       |       ||     1
       Dire flail        |       |       |       |       |       |     4 |       ||     4
 Cast: Freeze            |    39 |    18 |     5 |   120 |   100 |    73 |    26 ||   381
       Sting             |     5 |     7 |     5 |     1 |       |     3 |       ||    21
       Frozen Ramparts   |       |     3 |    16 |    45 |    33 |    29 |     1 ||   127
       Ozocubu's Armour  |       |     2 |    15 |    25 |    34 |    66 |    22 ||   164
       Hailstorm         |       |       |     7 |   116 |   192 |   236 |   151 ||   702
       Poisonous Vapours |       |       |     2 |     2 |    16 |     6 |    17 ||    43
       Passwall          |       |       |     1 |       |       |       |       ||     1
       Leda's Liquefacti |       |       |     2 |    30 |    30 |    25 |    20 ||   107
       Animate Armour    |       |       |       |     3 |     5 |     2 |     1 ||    11
       Irradiate         |       |       |       |       |    36 |   118 |    73 ||   227
       Starburst         |       |       |       |       |    30 |    91 |   119 ||   240
       Summon Hydra      |       |       |       |       |       |    29 |    11 ||    40
       Statue Form       |       |       |       |       |       |       |    23 ||    23
Invok: Greater Servant o |       |       |       |       |       |       |     6 ||     6
       Major Destruction |       |       |       |       |       |       |     3 ||     3
Evoke: Wand              |       |       |       |     2 |     4 |     3 |     1 ||    10
       Phial of floods   |       |       |       |       |       |     1 |     1 ||     2
  Use: Potion            |     1 |       |       |     1 |       |     6 |    10 ||    18
       Scroll            |       |       |     6 |     9 |    14 |    12 |     8 ||    49
 Stab: Sleeping          |     2 |    14 |     2 |     1 |       |     1 |       ||    20
       Distracted        |       |       |       |     1 |       |       |     1 ||     2
Armor: Robe              |    14 |    25 |       |       |       |       |       ||    39
       Steam dragon scal |       |       |    60 |    15 |       |       |       ||    75
       Troll leather arm |       |       |       |    31 |    67 |    67 |    23 ||   188
       Skin              |       |       |       |       |       |       |   123 ||   123
Dodge: Dodged            |    42 |    64 |   133 |   206 |   207 |   275 |   231 ||  1158
Block: Other             |       |       |       |       |    31 |     4 |       ||    35
       Reflection        |       |       |       |       |     3 |     2 |       ||     5
       Buckler           |       |       |       |       |       |    32 |       ||    32
       Kite shield       |       |       |       |       |       |   146 |    64 ||   210
       Tower shield      |       |       |       |       |       |       |   211 ||   211
